 Dungeon Crawl Stone Soup version 0.25-a0-1024-gbfbf38f2cb (webtiles) character file.

Game seed: 2709215618357212514, levelgen mode: deterministic

58 Flugslaktarn the Shield-Bearer (level 3, 0/33 HPs)
             Began as a Minotaur Fighter on May 12, 2020.
             Slain by an orc priest
             ... wielding a +0 whip
              (3 damage)
             ... on level 3 of the Dungeon.
             The game lasted 00:00:14 (390 turns).

Flugslaktarn the Shield-Bearer (Minotaur Fighter)    Turns: 390, Time: 00:00:14

Health: 0/33       AC:  7    Str: 20    XL:     3   Next: 76%
Magic:  2/2        EV:  7    Int:  5    God:
Gold:   48         SH:  9    Dex: 10    Spells: 2/2 levels left

rFire    . . .     SeeInvis .   a - +0 war axe
rCold    . . .     Gourm    .   c - +0 kite shield
rNeg     . . .     Faith    .   b - +0 scale mail
rPois    .         Spirit   .   (helmet restricted)
rElec    .         Reflect  .   (no cloak)
rCorr    .         Harm     .   (no gloves)
MR       .....                  (no boots)
Stlth    ..........             (no amulet)
HPRegen  0.11/turn              (no ring)
MPRegen  0.08/turn              (no ring)

@: no status effects
A: retaliatory headbutt, horns 2
a: no special abilities


You were on level 3 of the Dungeon.
You were not hungry.

You visited 1 branch of the dungeon, and saw 3 of its levels.

You collected 48 gold pieces.

Inventory:

Hand Weapons
 a - a +0 war axe (weapon)
Armour
 b - a +0 scale mail (worn)
 c - a +0 kite shield (worn)
Scrolls
 g - a scroll of teleportation {unknown}
 h - a scroll of magic mapping {unknown}
 i - a scroll of amnesia {unknown}
Potions
 d - a potion of might
 j - a potion of mutation {unknown}
Comestibles
 e - 3 rations
 f - 3 chunks of flesh


   Skills:
 + Level 4.1 Fighting
 * Level 3.7 Axes
 + Level 4.1 Armour
 + Level 4.1 Shields


You had 2 spell levels left.
You didn't know any spells.
Your spell library was empty.

Dungeon Overview and Level Annotations

Branches:
Dungeon (3/15)

Altars:


Innate Abilities, Weirdness & Mutations

You reflexively headbutt those who attack you in melee.
You have a pair of horns on your head.


Message History

Beogh smites you!
* * * LOW HITPOINT WARNING * * *
You are too injured to fight recklessly!
You are too injured to fight recklessly!
You slash the orc priest!
You kill the orc priest!
Your Armour skill increases to level 4!
Your Shields skill increases to level 4!
The orc priest hits you but does no damage.
Your shield prevents you from hitting the orc priest.
The orc priest hits you with a +0 whip.
* * * LOW HITPOINT WARNING * * *
You hit the orc priest but do no damage.
Your headbutt misses the orc priest. You block the orc priest's attack.
You hit the orc priest. You headbutt the orc priest.
The orc priest is heavily wounded.
The orc priest hits you with a +0 whip.
* * * LOW HITPOINT WARNING * * *
The orc priest hits you with a +0 whip.
You die...

.......<..#........
..........÷........
.........##..#.###
.........##..#.#
.........##....#
###########....#
##### #....#
#.o†####..#>#
#.#@......#.#
#.#.........#
#)##....#####
..##....#
...##....#
....##....#
#....##....#
.....##....#
##...########


You could see an orc priest.

Vanquished Creatures
  An orc priest (D:3)
  An adder (D:3)
  An ooze (D:1)
  A dart slug (D:1)
  A leopard gecko (D:2)
  2 orcs (D:3)
  A bat (D:1)
  2 goblins
  A kobold (D:1)
  2 rats
13 creatures vanquished.

Notes
Turn   | Place    | Note
-------+----------+-------------------------------------------
     0 | D:1      | Flugslaktarn the Minotaur Fighter began the quest for the
                  | Orb.
     0 | D:1      | Reached XP level 1. HP: 19/19 MP: 0/0
   112 | D:1      | Reached XP level 2. HP: 26/27 MP: 1/1
   378 | D:3      | Reached XP level 3. HP: 19/33 MP: 2/2
   390 | D:3      | Slain by an orc priest

Illustrated notes

Levels and vault maps discovered:
D:1:      saegor_arrival_simple_c, layout_loops_corners,
          wander_ebering_terrifying_dragon_lair
D:2:      layout_loops_ring, lemuel_crystal_altar,
          gammafunk_temple_overflow_forgotten, first_ration
D:3:      layout_basic, st_stairs_8

Skill      XL: |  1  2  3 |
---------------+----------+-----
Axes           | 3 |  3.7
Fighting       | 4 |  4.1
Armour         | 4 |  4.1
Shields        | 4 |  4.1

Action                   || total
-------------------------++-------
Melee: War axe           ||    35
       Headbutt          ||     4
Armor: Scale mail        ||    21
Dodge: Dodged            ||     6
Block: Kite shield       ||    14

Table legend:
 A = Non-vault XP
 B = Vault XP
 C = Vault XP percentage of total XP
 D = Non-vault monster count
 E = Vault monster count
 F = Vault count percentage of total count
                 A         B        C        D         E       F
            +---------+---------+-------+---------+---------+-------
      Total |      84 |       0 |   0.0 |      13 |       0 |   0.0
            +---------+---------+-------+---------+---------+-------
        D:1 |      18 |       0 |   0.0 |       6 |       0 |   0.0
        D:2 |       5 |       0 |   0.0 |       2 |       0 |   0.0
        D:3 |      61 |       0 |   0.0 |       5 |       0 |   0.0
            +---------+---------+-------+---------+---------+-------
